| TOP OF THE 1ST |
|
Jacksonville Suns batting - Pitching for Tennessee Smokies : RHP Jake Newman
|
|
Pitching: RHP Jake Newman
|
|
|
Batting: RHB Boof Howell
|
0-0: Foul Ball, location: 2F 0-1: Ball 1-1: Ball 2-1: Ball 3-1: Called Strike 3-2: Strikes out swinging, 2-3 out at first.
|
|
Batting: RHB Akira Suzuki
|
0-0: SINGLE (Groundball, 56S, EV 70.0 MPH) (infield hit)
|
|
Batting: LHB Dong-u Chang
|
0-0: Ball 1-0: Ball 2-0: Called Strike 2-1: Foul Ball, location: 2F 2-2: Ball 3-2: Base on Balls Akira Suzuki to second
|
|
Batting: SHB Matt Moore
|
0-0: Ball 1-0: Called Strike 1-1: Swinging Strike 1-2: Ball 2-2: Strikes out swinging
|
|
Batting: LHB Carlos Mosqueda
|
0-0: Swinging Strike 0-1: Swinging Strike 0-2: Foul Ball, location: 2F 0-2: Foul Ball, location: 2F 0-2: Ball 1-2: Ground out 4-3 (Groundball, 4, EV 86.2 MPH)
|
| Top of the 1st over - 0 runs, 1 hit, 0 errors, 2 left on base; Jacksonville 0 - Tennessee 0 |
| BOTTOM OF THE 1ST |
|
Tennessee Smokies batting - Pitching for Jacksonville Suns : RHP Pat Siebert
|
|
Pitching: RHP Pat Siebert
|
|
|
Batting: RHB Eric Wiss
|
0-0: Called Strike 0-1: Foul Ball, location: 2F 0-2: SINGLE (Groundball, P, EV 91.9 MPH) (infield hit)
|
|
Batting: RHB Khalil Stephens
|
0-0: Ball 1-0: Fly out, F8 (Line Drive, 8LM, EV 90.0 MPH)
|
|
Batting: RHB Ryan Walker
|
0-0: Ball Eric Wiss steals 2nd base 1-0: Foul Ball, location: 2F 1-1: Ball 2-1: Ball Eric Wiss steals 3rd base 3-1: Base on Balls
|
|
Batting: RHB David Barnard
|
0-0: DOUBLE (Flyball, 89XD, EV 98.1 MPH) Eric Wiss scores Ryan Walker to third
|
|
Batting: RHB Sam Sours
|
0-0: Called Strike 0-1: Single, Error in OF, E7, batter to second base (Groundball, 56D, EV 101.2 MPH) Ryan Walker scores David Barnard scores
|
|
Batting: RHB Armando Vilano
|
0-0: Ground out 6-3 (Groundball, 6, EV 85.0 MPH) Sam Sours to third
|
|
Batting: RHB Tim Long
|
0-0: Foul Ball, location: 2F 0-1: Ball 1-1: Ball 2-1: Ball 3-1: SINGLE (Groundball, 56D, EV 105.0 MPH) Sam Sours scores
|
|
Batting: RHB Sung-hwan Jung
|
0-0: Fielders Choice at 2nd, 6-4 (Groundball, 6, EV 85.0 MPH)
|
| Bottom of the 1st over - 4 runs, 4 hits, 1 error, 1 left on base; Jacksonville 0 - Tennessee 4 |
| TOP OF THE 2ND |
|
Jacksonville Suns batting - Pitching for Tennessee Smokies : RHP Jake Newman
|
|
Batting: RHB Tom Thompson
|
0-0: Swinging Strike 0-1: Ball 1-1: Ball 2-1: Swinging Strike 2-2: Ball 3-2: Foul Ball, location: 2F 3-2: Base on Balls
|
|
Batting: RHB Alberto Bravo
|
0-0: Ball 1-0: Foul Ball, location: 2F 1-1: Called Strike 1-2: Strikes out swinging
|
|
Batting: LHB Orlando Rivera
|
0-0: Called Strike 0-1: Ball 1-1: Foul Ball, location: 2F 1-2: Foul Ball, location: 2F 1-2: Ball 2-2: Foul Ball, location: 2F 2-2: Foul Ball, location: 2F 2-2: Ball Tom Thompson steals 2nd, throwing error, E2 Tom Thompson to third 3-2: Ground out 4-3 (Groundball, 4D, EV 104.4 MPH) Tom Thompson scores
|
|
Batting: LHB Emilio Cordero
|
0-0: SINGLE (Line Drive, 7LS, EV 106.9 MPH)
|
|
Batting: RHB Boof Howell
|
0-0: Ball 1-0: DOUBLE (Line Drive, 9LM, EV 113.1 MPH) Emilio Cordero to third
|
|
Batting: RHB Akira Suzuki
|
0-0: Ball 1-0: Ball 2-0: SINGLE (Groundball, 34D, EV 106.2 MPH) Emilio Cordero scores Boof Howell to third Runner from 3rd tries for Home, throw by RF and OUT! 9-2
|
| Top of the 2nd over - 2 runs, 3 hits, 1 error, 1 left on base; Jacksonville 2 - Tennessee 4 |
| BOTTOM OF THE 2ND |
|
Tennessee Smokies batting - Pitching for Jacksonville Suns : RHP Pat Siebert
|
|
Batting: RHB Alvaro Romero
|
0-0: Ball 1-0: Ball 2-0: Ground out 6-3 (Groundball, 6, EV 86.2 MPH)
|
|
Batting: RHB Eric Wiss
|
0-0: Foul Ball, location: 2F 0-1: Ball 1-1: Ball 2-1: Called Strike 2-2: Fly out, F8 (Flyball, 8LD, EV 105.6 MPH)
|
|
Batting: RHB Khalil Stephens
|
0-0: Ground out 4-3 (Groundball, 4, EV 107.5 MPH)
|
| Bottom of the 2nd over - 0 runs, 0 hits, 0 errors, 0 left on base; Jacksonville 2 - Tennessee 4 |
| TOP OF THE 3RD |
|
Jacksonville Suns batting - Pitching for Tennessee Smokies : RHP Jake Newman
|
|
Batting: LHB Dong-u Chang
|
0-0: Called Strike 0-1: Ball 1-1: Swinging Strike 1-2: SINGLE (Flyball, 9LS, EV 90.0 MPH)
|
|
Batting: SHB Matt Moore
|
0-0: Ball Dong-u Chang is caught stealing 2nd base 2-6 1-0: Called Strike 1-1: Fly out, F7 (Flyball, 78M, EV 91.9 MPH)
|
|
Batting: LHB Carlos Mosqueda
|
0-0: Swinging Strike 0-1: Ball 1-1: Swinging Strike 1-2: Ball 2-2: Strikes out looking
|
| Top of the 3rd over - 0 runs, 1 hit, 0 errors, 0 left on base; Jacksonville 2 - Tennessee 4 |
| BOTTOM OF THE 3RD |
|
Tennessee Smokies batting - Pitching for Jacksonville Suns : RHP Pat Siebert
|
|
Batting: RHB Ryan Walker
|
0-0: Called Strike 0-1: Swinging Strike 0-2: SINGLE (Groundball, 4, EV 96.9 MPH)
|
|
Batting: RHB David Barnard
|
0-0: Fielders Choice at 2nd, 3-6 (Groundball, 34, EV 91.9 MPH)
|
|
Batting: RHB Sam Sours
|
0-0: Called Strike David Barnard steals 2nd base (no throw) 0-1: Ball 1-1: Ball David Barnard steals 3rd base 2-1: Ground out 3-1 (Groundball, 34D, EV 106.2 MPH) David Barnard scores
|
|
Batting: RHB Armando Vilano
|
0-0: Ball 1-0: Called Strike 1-1: Ball 2-1: Foul Ball, location: 2F 2-2: Ground out 6-3 (Groundball, 6M, EV 89.4 MPH)
|
| Bottom of the 3rd over - 1 run, 1 hit, 0 errors, 0 left on base; Jacksonville 2 - Tennessee 5 |
| TOP OF THE 4TH |
|
Jacksonville Suns batting - Pitching for Tennessee Smokies : RHP Jake Newman
|
|
Batting: RHB Tom Thompson
|
0-0: Ground out 5-3 (Groundball, 5L, EV 106.9 MPH)
|
|
Batting: RHB Alberto Bravo
|
0-0: Ball 1-0: Ball 2-0: Foul Ball, location: 2F 2-1: Ball 3-1: Base on Balls
|
|
Batting: LHB Orlando Rivera
|
0-0: Ball 1-0: Ball 2-0: Fly out, F6 (Line Drive, 56, EV 66.9 MPH)
|
|
Batting: LHB Emilio Cordero
|
0-0: Ball 1-0: Called Strike 1-1: Foul Ball, location: 2F 1-2: Foul Ball, location: 2F 1-2: Hit by Pitch Alberto Bravo to second
|
|
Batting: RHB Boof Howell
|
0-0: Foul Ball, location: 2F 0-1: Ball 1-1: Ball 2-1: Foul Ball, location: 2F 2-2: Ball 3-2: Fly out, F8 (Line Drive, 8RM, EV 84.4 MPH)
|
| Top of the 4th over - 0 runs, 0 hits, 0 errors, 2 left on base; Jacksonville 2 - Tennessee 5 |
| BOTTOM OF THE 4TH |
|
Tennessee Smokies batting - Pitching for Jacksonville Suns : RHP Pat Siebert
|
|
Batting: RHB Tim Long
|
0-0: Ground out 2-3 (Groundball, 2L, EV 60.0 MPH)
|
|
Batting: RHB Sung-hwan Jung
|
0-0: Called Strike 0-1: Ball 1-1: Foul Ball, location: 2F 1-2: Ground out 5-3 (Groundball, 5, EV 86.9 MPH)
|
|
Batting: RHB Alvaro Romero
|
0-0: Ball 1-0: Ball 2-0: Ball 3-0: Called Strike 3-1: Foul Ball, location: 2F 3-2: SINGLE (Line Drive, 6M, EV 103.1 MPH)
|
|
Batting: RHB Eric Wiss
|
0-0: Swinging Strike 0-1: Ball 1-1: Called Strike 1-2: Foul Ball, location: 2F 1-2: Ground out 6-3 (Groundball, 56, EV 106.9 MPH)
|
| Bottom of the 4th over - 0 runs, 1 hit, 0 errors, 1 left on base; Jacksonville 2 - Tennessee 5 |
| TOP OF THE 5TH |
|
Jacksonville Suns batting - Pitching for Tennessee Smokies : RHP Jake Newman
|
|
Batting: RHB Akira Suzuki
|
0-0: Ball 1-0: Reached via error on a dropped throw from 2B, E3 (Groundball, 4M, EV 96.2 MPH)
|
|
Batting: LHB Dong-u Chang
|
0-0: Called Strike 0-1: Swinging Strike 0-2: Strikes out swinging
|
|
Batting: SHB Matt Moore
|
0-0: Ball 1-0: Foul Ball, location: 2F 1-1: Ball 2-1: Ball 3-1: Base on Balls Akira Suzuki to second
|
|
Batting: LHB Carlos Mosqueda
|
0-0: Ball 1-0: Ball 2-0: SINGLE (Line Drive, 56D, EV 97.5 MPH) Akira Suzuki to third Matt Moore to second
|
|
Batting: RHB Tom Thompson
|
0-0: Called Strike 0-1: DOUBLE (Groundball, 3D, EV 106.9 MPH) Akira Suzuki scores Matt Moore scores Carlos Mosqueda to third
|
|
Batting: RHB Alberto Bravo
|
0-0: Foul Ball, location: 2F 0-1: Ball 1-1: Foul Ball, location: 2F 1-2: SINGLE (Groundball, 56, EV 96.2 MPH) Carlos Mosqueda scores Tom Thompson to third
|
|
Pitching: RHP Nikita Eliseenko
|
|
|
Batting: LHB Orlando Rivera
|
0-0: Fly out, F6 (Line Drive, 6, EV 76.9 MPH)
|
|
Batting: LHB Emilio Cordero
|
0-0: Ball 1-0: Ball 2-0: Foul Ball, location: 2F 2-1: Fielders Choice at 2nd, U4 (Groundball, 4M, EV 85.6 MPH)
|
| Top of the 5th over - 3 runs, 3 hits, 1 error, 2 left on base; Jacksonville 5 - Tennessee 5 |
| BOTTOM OF THE 5TH |
|
Tennessee Smokies batting - Pitching for Jacksonville Suns : RHP Pat Siebert
|
|
Batting: RHB Khalil Stephens
|
0-0: Ball 1-0: Foul Ball, location: 2F 1-1: SINGLE (Groundball, 6M, EV 81.9 MPH) (infield hit)
|
|
Pitching: RHP Earl Shepherd
|
|
|
Batting: RHB Ryan Walker
|
0-0: Ball 1-0: Ball 2-0: Called Strike 2-1: Ball 3-1: SINGLE (Line Drive, 34D, EV 103.1 MPH) Khalil Stephens to second
|
|
Batting: RHB David Barnard
|
0-0: Ball 1-0: 3-RUN HOME RUN (Flyball, 9D, EV 96.2 MPH), Distance : 368 ft
|
|
Batting: RHB Sam Sours
|
0-0: Ball 1-0: Swinging Strike 1-1: Ball 2-1: Ground out 6-3 (Groundball, 6, EV 88.1 MPH)
|
|
Batting: RHB Armando Vilano
|
0-0: Ball 1-0: Called Strike 1-1: Foul Ball, location: 2F 1-2: Foul Ball, location: 2F 1-2: Strikes out swinging
|
|
Batting: RHB Tim Long
|
0-0: Ball 1-0: Called Strike 1-1: Swinging Strike 1-2: Foul Ball, location: 2F 1-2: Strikes out swinging
|
| Bottom of the 5th over - 3 runs, 3 hits, 0 errors, 0 left on base; Jacksonville 5 - Tennessee 8 |
| TOP OF THE 6TH |
|
Jacksonville Suns batting - Pitching for Tennessee Smokies : RHP Nikita Eliseenko
|
|
Batting: RHB Boof Howell
|
0-0: Ball 1-0: Swinging Strike 1-1: Ball 2-1: Foul Ball, location: 2F 2-2: Strikes out swinging
|
|
Batting: RHB Akira Suzuki
|
0-0: Swinging Strike 0-1: SINGLE (Line Drive, 6D, EV 107.5 MPH)
|
|
Batting: LHB Dong-u Chang
|
0-0: Ball 1-0: Ball Akira Suzuki steals 2nd, throwing error, E2 Akira Suzuki to third 2-0: Ball 3-0: Called Strike 3-1: Fly out, F8 (Flyball, 8RM, EV 83.1 MPH)
|
|
Batting: SHB Matt Moore
|
0-0: Foul Ball, location: 2F 0-1: Fly out, F6 (Popup, 6M, EV 64.4 MPH)
|
| Top of the 6th over - 0 runs, 1 hit, 1 error, 1 left on base; Jacksonville 5 - Tennessee 8 |
| BOTTOM OF THE 6TH |
|
Tennessee Smokies batting - Pitching for Jacksonville Suns : RHP Earl Shepherd
|
|
Batting: RHB Sung-hwan Jung
|
0-0: Foul Ball, location: 2F 0-1: Swinging Strike 0-2: Strikes out swinging
|
|
Batting: RHB Alvaro Romero
|
0-0: Ball 1-0: Ball 2-0: DOUBLE (Line Drive, 9LS, EV 96.9 MPH)
|
|
Batting: RHB Eric Wiss
|
0-0: Foul Ball, location: 2F 0-1: Ball 1-1: Ground out 6-3 (Groundball, 6, EV 93.8 MPH)
|
|
Batting: RHB Khalil Stephens
|
0-0: Ball 1-0: Fly out, F8 (Flyball, 89M, EV 99.4 MPH)
|
| Bottom of the 6th over - 0 runs, 1 hit, 0 errors, 1 left on base; Jacksonville 5 - Tennessee 8 |
| TOP OF THE 7TH |
|
Jacksonville Suns batting - Pitching for Tennessee Smokies : RHP Nikita Eliseenko
|
|
Batting: LHB Carlos Mosqueda
|
0-0: Called Strike 0-1: Ground out 4-3 (Groundball, 4, EV 81.2 MPH)
|
|
Batting: RHB Tom Thompson
|
0-0: Ball 1-0: Called Strike 1-1: Ball 2-1: Ball 3-1: Foul Ball, location: 2F 3-2: Strikes out looking
|
|
Batting: RHB Alberto Bravo
|
0-0: Called Strike 0-1: Fly out, F7 (Flyball, 7LM, EV 87.5 MPH)
|
| Top of the 7th over - 0 runs, 0 hits, 0 errors, 0 left on base; Jacksonville 5 - Tennessee 8 |
| BOTTOM OF THE 7TH |
|
Tennessee Smokies batting - Pitching for Jacksonville Suns : RHP Earl Shepherd
|
|
Pitching: LHP Tyler Murders
|
|
|
Batting: RHB Ryan Walker
|
0-0: Ball 1-0: Swinging Strike 1-1: Foul Ball, location: 2F 1-2: Ball 2-2: Foul Ball, location: 2F 2-2: Strikes out looking
|
|
Batting: RHB David Barnard
|
0-0: Ball 1-0: Ball 2-0: Ball 3-0: Called Strike 3-1: Foul Ball, location: 2F 3-2: Base on Balls
|
|
Batting: RHB Sam Sours
|
0-0: Called Strike 0-1: Called Strike David Barnard steals 2nd base 0-2: SINGLE (Groundball, 25, EV 63.1 MPH) (infield hit) David Barnard to third
|
|
Batting: RHB Armando Vilano
|
0-0: SINGLE (Flyball, 56D, EV 88.1 MPH) David Barnard scores Sam Sours to second
|
|
Batting: RHB Tim Long
|
0-0: 3-RUN HOME RUN (Flyball, 7LD, EV 93.8 MPH), Distance : 340 ft
|
|
Pitching: RHP Chris Forster
|
|
|
Batting: RHB Sung-hwan Jung
|
0-0: Called Strike 0-1: Ball 1-1: Ball 2-1: Ball 3-1: Foul Ball, location: 2F 3-2: Strikes out looking
|
|
Batting: RHB Alvaro Romero
|
0-0: Ball 1-0: Foul Ball, location: 2F 1-1: Ball 2-1: Called Strike 2-2: Strikes out swinging
|
| Bottom of the 7th over - 4 runs, 3 hits, 0 errors, 0 left on base; Jacksonville 5 - Tennessee 12 |
| TOP OF THE 8TH |
|
Jacksonville Suns batting - Pitching for Tennessee Smokies : RHP Nikita Eliseenko
|
|
Batting: LHB Orlando Rivera
|
0-0: Called Strike 0-1: Called Strike 0-2: Strikes out swinging
|
|
Batting: LHB Emilio Cordero
|
0-0: Foul Ball, location: 2F 0-1: Ground out 3-1 (Groundball, 34S, EV 91.2 MPH)
|
|
Pinch Hitting: RHB Len Graham
|
0-0: SINGLE (Line Drive, 56, EV 103.1 MPH)
|
|
Batting: RHB Akira Suzuki
|
0-0: Swinging Strike 0-1: Called Strike 0-2: Ball 1-2: Strikes out swinging
|
| Top of the 8th over - 0 runs, 1 hit, 0 errors, 1 left on base; Jacksonville 5 - Tennessee 12 |
| BOTTOM OF THE 8TH |
|
Tennessee Smokies batting - Pitching for Jacksonville Suns : RHP Chris Forster
|
|
Now at 2B: Len Graham
|
|
|
Now at 3B: Akira Suzuki
|
|
|
Batting: RHB Eric Wiss
|
0-0: Ball 1-0: Ball 2-0: Ball 3-0: Base on Balls
|
|
Batting: RHB Khalil Stephens
|
0-0: Ball 1-0: Ball Eric Wiss steals 2nd base (no throw) 2-0: Ball 3-0: Called Strike 3-1: Foul Ball, location: 2F 3-2: Single, Error in OF, E9, batter to second base (Groundball, 34D, EV 98.1 MPH) Eric Wiss scores
|
|
Batting: RHB Ryan Walker
|
0-0: Ball 1-0: Ball 2-0: Ball 3-0: Swinging Strike 3-1: Base on Balls
|
|
Pitching: RHP Matt Alexander
|
|
|
Batting: RHB David Barnard
|
0-0: Swinging Strike 0-1: Ball 1-1: Foul Ball, location: 2F 1-2: Strikes out swinging
|
|
Batting: RHB Sam Sours
|
0-0: Foul Ball, location: 2F 0-1: Ball 1-1: Foul Ball, location: 2F 1-2: Ball 2-2: Ball 3-2: Strikes out swinging
|
|
Batting: RHB Armando Vilano
|
0-0: Fielders Choice at 2nd, 6-4 (Groundball, 6, EV 78.8 MPH)
|
| Bottom of the 8th over - 1 run, 1 hit, 1 error, 2 left on base; Jacksonville 5 - Tennessee 13 |
| TOP OF THE 9TH |
|
Jacksonville Suns batting - Pitching for Tennessee Smokies : RHP Nikita Eliseenko
|
|
Batting: LHB Dong-u Chang
|
0-0: Foul Ball, location: 2F 0-1: Fly out, F9 (Line Drive, 9S, EV 95.0 MPH)
|
|
Batting: SHB Matt Moore
|
0-0: Ball 1-0: Called Strike 1-1: Ground out 6-3 (Groundball, 6, EV 81.2 MPH)
|
|
Batting: LHB Carlos Mosqueda
|
0-0: Called Strike 0-1: Ball 1-1: Swinging Strike 1-2: Ball 2-2: Strikes out swinging
|
| Top of the 9th over - 0 runs, 0 hits, 0 errors, 0 left on base; Jacksonville 5 - Tennessee 13 |
|